 Dungeon Crawl Stone Soup version 0.23-a0-4-g8f018a2 (webtiles) character file.

1192 qdestroyer the Chopper (level 8, 0/68 HPs)
             Began as a Minotaur Fighter on Aug 1, 2018.
             Was a Follower of Cheibriados.
             Incinerated by kazak's ghost (8 damage)
             ... with a sticky flame
             ... on level 5 of the Dungeon.
             The game lasted 00:13:33 (4738 turns).

qdestroyer the Chopper (Minotaur Fighter)           Turns: 4738, Time: 00:13:34

Health: 0/68       AC:  9    Str: 26    XL:     8   Next: 20%
Magic:  7/7        EV:  9    Int:  8    God:    Cheibriados [*.....]
Gold:   182        SH: 11    Dex: 13    Spells: 7/7 levels left

rFire    . . .     SeeInvis .   a - +0 war axe
rCold    . . .     Gourm    .   c - +0 shield
rNeg     + . .     Faith    .   b - +0 scale mail
rPois    .         Spirit   .   (helmet restricted)
rElec    .         Reflect  .   (no cloak)
rCorr    .         Harm     .   (no gloves)
MR       .....                  p - +0 pair of boots
Stlth    ..........             (no amulet)
HPRegen  0.21/turn              i - ring of positive energy
MPRegen  0.10/turn              (no ring)

@: liquid flames, glowing, very slow
A: retaliatory headbutt, horns 2
a: Bend Time, Renounce Religion


You were on level 5 of the Dungeon.
You worshipped Cheibriados.
Cheibriados was aware of your devotion.
You were not hungry.

You visited 1 branch of the dungeon, and saw 5 of its levels.

You collected 182 gold pieces.

Inventory:

Hand Weapons
 a - a +0 war axe (weapon)
Armour
 b - a +0 scale mail (worn)
 c - a +0 shield (worn)
 p - a +0 pair of boots (worn)
 s - a +1 cloak of magic resistance
Jewellery
 i - a ring of positive energy (left hand)
 k - an uncursed amulet of magic regeneration {unknown}
 l - an uncursed amulet of harm
 o - a +6 amulet of reflection {unknown}
 q - an uncursed ring of stealth {unknown}
Wands
 n - a wand of paralysis (16)
Scrolls
 e - 3 scrolls of teleportation
 j - a scroll of identify
 m - a scroll of remove curse
 t - a scroll of enchant armour {unknown}
Potions
 d - a potion of might
 g - a potion of lignification
 h - a potion of magic {unknown}
 r - a potion of curing
Comestibles
 f - 10 rations


   Skills:
 + Level 5.2 Fighting
 + Level 7.4 Axes
 + Level 6.6 Armour
 + Level 2.3 Dodging
 + Level 0.4 Stealth
 + Level 6.7 Shields


You had 7 spell levels left.
You didn't know any spells.
Your spell library was empty.

Dungeon Overview and Level Annotations

Branches:
Dungeon (5/15)             Temple (0/1) D:5

Altars:
Ashenzari
Cheibriados
Okawaru
Uskayaw

Shops:
D:4 :

Annotations:
D:4 3 runed doors, haltfire302's ghost, amateur HOMo


Innate Abilities, Weirdness & Mutations

You reflexively headbutt those who attack you in melee.
You have a pair of horns on your head.


Message History

[a] Weapon [b] Armour [c] Jewellery [d] Book [e] Staff [f] Evocable [g] Food [h] Gold What kind of item would you like to acquire? (\ to view known items)
Something appears at your feet!
You are covered in liquid flames!
* * * LOW HITPOINT WARNING * * *
s - a runed cloak You are covered in liquid flames!
* * * LOW HITPOINT WARNING * * *
As you read the scroll of identify, it crumbles to dust.
g - a potion of lignification You are covered in liquid flames!
* * * LOW HITPOINT WARNING * * *
As you read the scroll of identify, it crumbles to dust.
r - 2 potions of curing You are covered in liquid flames!
* * * LOW HITPOINT WARNING * * *
You feel better.
You are covered in liquid flames!
You die...

......................>.#.####.##
...........###.#....##..#.#..#...
##...####### #.#....##..#.#.....#
.#.....# #......##..#.#.....#
.#.....# ###....##..#.#######
.#.....##########...##..#.#.....#
.#.....[..#.(..(#..###..#.#.###.#
.#........#.(...#..# #..#...# #.#
.#........#...(.@..# #..#######.#
.#........#(....'..# #..........#
.#........#..(..'..# #.#########.
.#...#....#♣...(#..# #...........
.#........#.....#..#############.
.#.#.##...########.##............
##........#.####.#.##.########...
.#...###..#......#.##.# #..#
.#...# #..######.#....#### #..#


There were no monsters in sight!

Vanquished Creatures
  The ghost of kazak the Firebug, a novice OpFE of Sif Muna (D:5)
  An ogre (D:5)
  A scorpion (D:5)
  A crimson imp (D:5)
  A bullfrog zombie (D:5)
  2 hounds
  3 iguanas
  6 worker ants
  5 adders
  3 shadow imps (D:5)
  2 oozes
  5 worms
  3 dart slugs
  4 leopard geckos
  8 orcs
  8 bats
  5 giant cockroaches
  11 hobgoblins
  16 jackals
  A quokka (D:5)
  3 ball pythons
  7 frilled lizards
  11 goblins
  13 kobolds
  A quokka skeleton (D:4)
  A quokka zombie (D:4)
  5 rats
  3 plants (D:1)
131 creatures vanquished.

Notes
Turn   | Place    | Note
-------+----------+-------------------------------------------
     0 | D:1      | qdestroyer the Minotaur Fighter began the quest for the Orb.
     0 | D:1      | Reached XP level 1. HP: 19/19 MP: 0/0
    71 | D:1      | Reached XP level 2. HP: 19/27 MP: 1/1
   518 | D:1      | Reached XP level 3. HP: 32/33 MP: 2/2
   604 | D:1      | Reached skill level 3 in Axes
   973 | D:2      | Reached XP level 4. HP: 37/40 MP: 3/3
  1490 | D:3      | Found a shattered altar of Ashenzari.
  1549 | D:3      | Reached skill level 4 in Axes
  1555 | D:3      | Reached XP level 5. HP: 27/46 MP: 4/4
  1900 | D:3      | Reached skill level 1 in Dodging
  1965 | D:3      | Found a snail-covered altar of Cheibriados.
  1981 | D:3      | Became a worshipper of Cheibriados the Contemplative
  2065 | D:3      | Found an iron altar of Okawaru.
  2291 | D:4      | Found Wiacunn's Book Boutique.
  2337 | D:4      | Noticed an orc warrior
  2833 | D:4      | Reached skill level 5 in Shields
  3025 | D:4      | Found a runed gate.
  3025 | D:4      | Found a runed gate.
  3025 | D:4      | Found a runed gate.
  3035 | D:4      | Noticed haltfire302's ghost (amateur HOMo)
  3218 | D:4      | Reached XP level 6. HP: 53/53 MP: 5/5
  3279 | D:4      | Reached skill level 5 in Armour
  3399 | D:4      | Reached skill level 5 in Axes
  3707 | D:5      | Entered Level 5 of the Dungeon
  3928 | D:5      | Found a runed gate.
  3997 | D:5      | Found a hide-covered altar of Uskayaw.
  4002 | D:5      | Reached * piety under Cheibriados
  4002 | D:5      | Reached XP level 7. HP: 43/60 MP: 6/6
  4067 | D:5      | Found a runed gate.
  4068 | D:5      | Found a runed gate.
  4070 | D:5      | Noticed kazak's ghost (novice OpFE)
  4112 | D:5      | Reached skill level 6 in Axes
  4133 | D:5      | Found a staircase to the Ecumenical Temple.
  4732 | D:5      | Killed kazak's ghost
  4732 | D:5      | Reached skill level 5 in Fighting
  4732 | D:5      | Reached skill level 7 in Axes
  4732 | D:5      | Reached XP level 8. HP: 38/68 MP: 7/7
  4734 | D:5      | Identified a scroll of acquirement
  4737 | D:5      | HP: 1/68 [burnt (8)]
  4738 | D:5      | Incinerated by kazak's ghost

Vault maps used:
D:1:      dpeg_arrival_yet_another_circle, st_stairs_1, lexackson_kobold_supper
D:3:      lemuel_doored_altar, kennysheep_slug_shrine, okawaru_gym_becter,
          minmay_misc_feat_encased, corner_web_ring
D:4:      gammafunk_ghost_necromancy, serial_shops, nicolae_shop_trees
D:5:      eat_drink_and_be_merry_uskayaw, minmay_temple_entry_mist,
          first_ration, ebering_ghost_rock_garden, grunt_ministairs_8

Skill      XL: |  1  2  3  4  5  6  7 |
---------------+----------------------+-----
Fighting       | 4 5 |  5.2
Shields        | 4 5 6 |  6.7
Armour         | 4 5 6 |  6.6
Axes           | 3 4 5 7 |  7.4
Dodging        | 1 2 |  2.3
Stealth        | |  0.4

Action                   |  1- 3 |  4- 6 |  7- 9 || total
-------------------------+-------+-------+-------++-------
Melee: War axe           |   128 |   152 |    49 ||   329
       Headbutt          |    25 |    30 |     7 ||    62
  Use: Scroll            |       |    10 |     3 ||    13
       Potion            |       |       |     1 ||     1
  Eat: Ration            |       |     3 |     1 ||     4
       Chunk             |       |     1 |       ||     1
Armor: Scale mail        |    49 |    44 |     8 ||   101
Dodge: Dodged            |    42 |    44 |    10 ||    96
Block: Shield            |    77 |    72 |    25 ||   174

Table legend:
 A = Spawn XP
 B = Non-spawn XP
 C = Spawn XP percentage of total XP
 D = Spawn monster count
 E = Non-spawn monster count
 F = Spawn count percentage of total count
 G = Total turns spent on level
                    A         B        C        D         E        F      G
               +---------+---------+-------+---------+---------+-------+---------
         Total |       0 |    1703 |   0.0 |       0 |     128 |   0.0 |  4738
               +---------+---------+-------+---------+---------+-------+---------
           D:1 |       0 |      80 |   0.0 |       0 |      45 |   0.0 |   841
           D:2 |       0 |      55 |   0.0 |       0 |      22 |   0.0 |   598
           D:3 |       0 |      99 |   0.0 |       0 |      18 |   0.0 |   824
           D:4 |       0 |     248 |   0.0 |       0 |      26 |   0.0 |  1444
           D:5 |       0 |    1221 |   0.0 |       0 |      17 |   0.0 |  1031
               +---------+---------+-------+---------+---------+-------+---------
